 Dungeon Crawl Stone Soup version 0.26-b1-57-gb162d0664a (webtiles) character file.

Game seed: 3028227088707070849

7 Gauvater the Sneak (level 2, -2/17 HPs)
             Began as an Octopode Enchanter on Jan 8, 2021.
             Slain by a leopard gecko (4 damage)
             ... on level 1 of the Dungeon.
             The game lasted 00:02:11 (408 turns).

Gauvater the Sneak (Octopode Enchanter)              Turns: 408, Time: 00:02:12

Health: -2/17      AC:  1    Str:  7    XL:     2   Next: 0%
Magic:  5/5        EV: 13    Int: 17    God:
Gold:   9          SH:  0    Dex: 12    Spells: 4/5 levels left

rFire    . . .     SeeInvis .   a - +1 dagger
rCold    . . .     Faith    .   (no shield)
rNeg     . . .     Spirit   .   (helmet restricted)
rPois    .         Reflect  .   (no amulet)
rElec    .         Harm     .   (no ring)
rCorr    .         Rampage  .   (no ring)
Will     .....                  (no ring)
Stlth    +++.......             (no ring)
HPRegen  0.05/turn              (no ring)
MPRegen  0.09/turn              (no ring)
                                (no ring)
                                (no ring)

@: no status effects
A: almost no armour, stealthy swim, amphibious, 8 rings, constrict 8, camouflage
1, gelatinous body 1
a: no special abilities


You were on level 1 of the Dungeon.
You visited 1 branch of the dungeon, and saw 1 of its levels.

You collected 9 gold pieces.

Inventory:

Hand Weapons
 a - a +1 dagger (weapon)
Scrolls
 b - a scroll of remove curse {unknown}
 d - a scroll of magic mapping {unknown}
 f - a scroll of identify {unknown}
Potions
 c - 2 potions of curing {unknown}
 e - a potion of brilliance {unknown}


   Skills:
 * Level 1.0 Short Blades
 + Level 2.0 Dodging
 + Level 4.1 Stealth
 + Level 2.3 Spellcasting
 + Level 3.1 Hexes


You had 4 spell levels left.
You knew the following spells:

 Your Spells              Type           Power        Failure   Level
a - Corona                Hex            13%          5%          1

Your spell library contained the following spells:

 Spells                   Type           Power        Failure   Level
 Ensorcelled Hibernation  Hex/Ice        14%          16%         2
 Confusing Touch          Hex            12%          16%         3
 Tukima's Dance           Hex            12%          16%         3
 Dazzling Flash           Conj/Hex       14%          30%         3


Dungeon Overview and Level Annotations

Branches:
Dungeon (1/15)

Altars:


Innate Abilities, Weirdness & Mutations

You cannot wear most types of armour.
You are very stealthy in the water. (Stealth+)
You are amphibious.
You can wear up to eight rings at the same time.
You can use your tentacles to constrict eight enemies at once.
Your skin changes colour to match your surroundings (Stealth+).
Your rubbery body absorbs attacks. (AC +1, EV +1)


Message History

You hit the hobgoblin. Your grab misses the hobgoblin.
The hobgoblin is moderately wounded.
The rat bites you. The hobgoblin hits you with a +0 club.
* * * LOW HITPOINT WARNING * * *
The leopard gecko completely misses you.
The goblin barely misses you.
The hobgoblin stops glowing.
The leopard gecko bites you.
* * * LOW HITPOINT WARNING * * *
The goblin hits you.
* * * LOW HITPOINT WARNING * * *
The hobgoblin closely misses you. The leopard gecko closely misses you.
The leopard gecko closely misses you.
Found a glowing green potion.
The leopard gecko closely misses you.
A hobgoblin comes into view. It is wielding a +0 club.
The leopard gecko barely misses you. The leopard gecko bites you.
You die...

#.# #..#.##......##.
#.#######.....###....##
#.#.........#..........
###.#.#####.....#.........
###...#.#####.......####.###
##...................... .#
#.#.#.#.#.#.#.#.#.######
##...............#.#
#.#.#.#.#.#.#@#..#..
##.........r..l..##.##
#.#.#.#.#.#.#g#.#g#
#...r.......g.....#
#.#.#.#.#.#.#.#.#.#..#
#....?.).....$........#
#.#.#.#.#.#.#.#.#.#.#..#
#......................#
.#.#.#.#.#.#.#.#.#.#.#.


You could see a leopard gecko, 2 hobgoblins, a goblin and a rat.

Vanquished Creatures
  A dart slug (D:1)
  A bat (D:1)
  A goblin (D:1)
  A frilled lizard (D:1)
  A rat (D:1)
5 creatures vanquished.

Notes
Turn   | Place    | Note
-------+----------+-------------------------------------------
     0 | D:1      | Gauvater the Octopode Enchanter began the quest for the
                  | Orb.
     0 | D:1      | Reached XP level 1. HP: 11/11 MP: 3/3
   373 | D:1      | Reached XP level 2. HP: 15/17 MP: 3/5
   408 | D:1      | Slain by a leopard gecko

Illustrated notes

Levels and vault maps discovered:
D:1:      ebering_hopf_link, layout_loops_ring, hex_large, minivault_19

Action                   || total
-------------------------++-------
Melee: Dagger            ||    23
       Constrict         ||     3
       Tentacles         ||     3
 Cast: Corona            ||     4
 Stab: Sleeping          ||     1
Armor: Skin              ||     4
Dodge: Dodged            ||    27
